 Dungeon Crawl Stone Soup version 0.30-a0-586-g23e55c9e0a (webtiles) character file.

Game seed: 2902641382464080844

13 wormed the Poker (level 2, -11/26 HPs)
             Began as a Naga Gladiator on Jan 4, 2023.
             Mangled by a gnoll
             ... wielding a +0 flail
              (13 damage)
             ... on level 2 of the Dungeon.
             The game lasted 00:00:40 (896 turns).

wormed the Poker (Naga Gladiator)                    Turns: 896, Time: 00:00:40

Health: -11/26     AC:  3    Str: 16    XL:     2   Next: 37%
Magic:  2/2        EV: 10    Int:  8    God:
Gold:   84         SH:  0    Dex: 12    Spells: 1/1 levels left

rFire   . . .      SeeInvis +    a - +0 trident
rCold   . . .      Faith    .    (no shield)
rNeg    . . .      Spirit   .    b - +0 leather armour
rPois   +          Reflect  .    c - +0 helmet
rElec   .          Harm     .    (no cloak)
rCorr   .          Rampage  .    (no gloves)
Will    .....                    (no barding)
Stlth   +                        (no amulet)
HPRegen 0.24/turn                (no ring)
MPRegen 0.08/turn                (no ring)

@: very slow
A: AC +0, large, see invisible, deformed body, poison resistance, slowness 2,
spit poison 1, naga tail 1
a: Spit Poison


You were on level 2 of the Dungeon.
You visited 1 branch of the dungeon, and saw 2 of its levels.

You collected 84 gold pieces.

Inventory:

Hand Weapons
 a - a +0 trident (weapon)
Missiles
 d - 3 throwing nets (quivered)
 e - a javelin
 h - 6 poisoned darts
Armour
 b - a +0 leather armour (worn)
 c - a +0 helmet (worn)
Wands
 n - a wand of flame (15)
Scrolls
 f - a scroll of noise {unknown}
 g - a scroll of fog {unknown}
 l - a scroll of amnesia {unknown}
Potions
 i - a potion of ambrosia {unknown}
 j - a potion of might {unknown}
 k - 2 potions of curing {unknown}
 m - 2 potions of cancellation {unknown}


   Skills:
 + Level 2.1 Fighting
 * Level 3.3 Polearms
 + Level 1.8 Throwing
 + Level 0.2 Armour
 + Level 2.5 Dodging
 + Level 0.3 Shields


You had one spell level left.
You didn't know any spells.
Your spell library was empty.

Dungeon Overview and Level Annotations

Branches:
Dungeon (2/15)

Altars:


Innate Abilities, Weirdness & Mutations

Your serpentine skin is tough. (AC +0)
You have supernaturally acute eyesight. (SInv)
Armour fits poorly on your strangely shaped body.
Your system is resistant to poisons. (rPois)
You cover ground very slowly.
You can spit poison.
You have a snake-like lower body.


Message History

A ball python comes into view.
A ball python is nearby!
A ball python is nearby!
A ball python is nearby!
Found 11 gold pieces.
The ball python hisses angrily.
You hit the ball python.
You kill the ball python!
No target in view!
No target in view!
A gnoll comes into view. It is wielding a +0 whip.
You see here 11 gold pieces.
A gnoll is nearby!
A gnoll is nearby!
A gnoll is nearby!
The gnoll shouts!
You hear a shout!
A gnoll comes into view. It is wielding a +0 whip.
The gnoll shouts!
You hear an angry hiss.
You reach to attack!
You barely miss the gnoll.
A gnoll comes into view. It is wielding a +0 whip.
An adder comes into view.
You barely miss the gnoll. The gnoll completely misses you.
A gnoll comes into view. It is wielding a +0 flail.
You hit the gnoll but do no damage. The gnoll hits you with a +0 whip.
The gnoll closely misses you.
You closely miss the gnoll. The gnoll hits you but does no damage.
You puncture the gnoll!
The gnoll is heavily wounded.
The gnoll hits you with a +0 whip. The gnoll attacks as you move away!
The gnoll hits you with a +0 whip. The gnoll attacks as you move away!
The gnoll misses you. The gnoll attacks as you move away!
The gnoll barely misses you. The gnoll attacks as you move away!
The gnoll closely misses you. x2
The gnoll attacks as you move away! The gnoll hits you with a +0 flail.
The gnoll attacks as you move away! The gnoll hits you with a +0 whip!
* * * LOW HITPOINT WARNING * * *
The gnoll attacks as you move away! The gnoll completely misses you.
The gnoll hits you with a +0 flail!
Ouch! That really hurt!
You die...

##### ######<#.#
..(.......#
........#)#
#.###########.#
#.#...........#
####.#@###########
#....gg..........
#.....Sg.......##
#.....g..........
#..............##
..........$.......
##..............##
#..............#
#######........#


You could see 4 gnolls and an adder.

Vanquished Creatures
  A bat (D:1)
  An endoplasm (D:1)
  2 goblins
  A kobold (D:1)
  A quokka (D:1)
  3 ball pythons
  A frilled lizard (D:1)
  A rat (D:1)
11 creatures vanquished.

Notes
Turn   | Place    | Note
-------+----------+-------------------------------------------
     0 | D:1      | wormed the Naga Gladiator began the quest for the Orb.
     0 | D:1      | Reached XP level 1. HP: 19/19 MP: 1/1
   208 | D:1      | Reached XP level 2. HP: 25/26 MP: 2/2
   896 | D:2      | Mangled by a gnoll

Illustrated notes

Levels and vault maps discovered:
D:1:      psy_arrival_wood_between_worlds, layout_loops_ring, serial_aquarium,
          aquarium_bridge_square [aquarium_subvault_wall,
          aquarium_subvault_bridge, aquarium_subvault_wall,
          aquarium_subvault_wall], aquarium_window_fake, aquarium_window_2,
          aquarium_window_fake, aquarium_view_2b, aquarium_pool_side,
          minivault_5
D:2:      minmay_recursive_quarters, layout_basic, basic_altar, uniq_robin

Action                   || total
-------------------------++-------
Melee: Trident           ||    41
Armor: Leather armour    ||     7
Dodge: Dodged            ||    24

Table legend: (Time is in decaauts)
 A = Elapsed time spent in this place.
 B = Non-inter-level travel time spent in this place.
 C = Inter-level travel time spent in this place.
 D = Time resting spent in this place.
 E = Time spent auto-exploring this place.
 F = Levels seen in this place.
 G = Mean time per level.
                   A        B        C        D        E       F      G
               +--------+--------+--------+--------+--------+-----+--------+
         Total |   1211 |   1108 |    103 |      0 |    998 |   2 |  605.5 |
       Dungeon |   1211 |   1108 |    103 |      0 |    998 |   2 |  605.5 |
               +--------+--------+--------+--------+--------+-----+--------+

Top non-repeatable levels by time:
     D:1: 1150 daAuts
     D:2: 61 daAuts
